 Dungeon Crawl Stone Soup version 0.31-a0-174-g85c54bcb58 (webtiles) character file.

Game seed: 17642108992386193125

2145 benadryl the Skirmisher (level 8, -9/66 HPs)
             Began as a Demigod Hunter on June 15, 2023.
             Killed from afar by a steam dragon (13 damage)
             ... with a ball of steam
             ... on level 6 of the Dungeon.
             The game lasted 00:13:20 (7235 turns).

benadryl the Skirmisher (Demigod Hunter)            Turns: 7235, Time: 00:13:20

Health: -9/66      AC:  7    Str: 18    XL:     8   Next: 83%
Magic:  19/19      EV: 14    Int: 11    God:
Gold:   315        SH:  0    Dex: 25    Spells: 7/7 levels left

rFire   . . .        a - +2 shortbow
rCold   . . .        (shield currently unavailable)
rNeg    . . .        c - +1 leather armour
rPois   .            n - +0 helmet
rElec   .            (no cloak)
rCorr   .            f - +0 pair of gloves
SInv    .            w - +0 pair of boots
Will    .....        (no amulet)
Stlth   ++           h - +6 ring of strength
HPRegen 0.31/turn    j - ring of magical power
MPRegen 0.16/turn

%: no passive effects
@: no status effects
A: high MP 1, forlorn, divine attributes
a: no special abilities


You were on level 6 of the Dungeon.
You visited 1 branch of the dungeon, and saw 6 of its levels.
You also visited: Sewer.

You collected 315 gold pieces.

Inventory:

Hand Weapons
 a - a +2 shortbow (weapon)
 o - a +2 short sword of speed
Armour
 c - a +1 leather armour (worn)
 f - a +0 pair of gloves (worn)
 n - a +0 helmet (worn)
 w - a +0 pair of boots (worn)
Jewellery
 h - a +6 ring of strength (left hand)
 j - a ring of magical power (right hand)
Wands
 m - a wand of paralysis (28)
Scrolls
 b - a scroll of butterflies
 e - a scroll of fog
 p - 3 scrolls of revelation
 q - a scroll of immolation
 x - a scroll of amnesia
Potions
 d - a potion of lignification
 g - a potion of might
 k - a potion of mutation
 l - 4 potions of degeneration
 r - 2 potions of enlightenment
 s - a potion of heal wounds
 u - a potion of brilliance
 v - 2 potions of ambrosia


   Skills:
 - Level 4.0 Fighting
 * Level 10.6 Ranged Weapons
 - Level 3.4 Dodging
 - Level 0.8 Stealth


You had 7 spell levels left.
You didn't know any spells.
Your spell library contained the following spells:

 Spells                   Type           Power      Damage    Failure   Level
 Static Discharge         Conj/Air       0%         2-2/arc   54%         2
 Airstrike                Air            0%         2d(0-16)  99%         4
 Summon Lightning Spire   Summ/Air       0%         N/A       99%         4


Dungeon Overview and Level Annotations

Branches:
Dungeon (6/15)             Temple (0/1) D:5           Sewer (visited)

Shops:
D:4 *

Annotations:
D:2 1 runed translucent door, Crazy Yiuf
D:4 Ijyb, Pikel


Innate Abilities, Weirdness & Mutations

You have an increased reservoir of magic. (+10% MP)
You shall have no god before yourself.
Your divine heritage dramatically boosts your attributes as you level up.


Message History

The steam dragon breathes steam at you. The ball of steam hits you!
* * * LOW HITPOINT WARNING * * *
Fire: a) +2 shortbow
Press: ? - help, Q - select action, (/) - cycle Shift-Dir - straight line, f/p - steam dragon
Aim: a steam dragon (almost dead, catching its breath, 72% to hit)
You shoot an arrow.
The arrow closely misses the steam dragon.
You are engulfed in a cloud of scalding steam.
The steam dragon bites you but does no damage.
The steam dragon claws you.
* * * LOW HITPOINT WARNING * * *
Fire: a) +2 shortbow
Press: ? - help, Q - select action, (/) - cycle Shift-Dir - straight line, f/p - steam dragon
Aim: a steam dragon (almost dead, catching its breath, 72% to hit)
You shoot an arrow.
The arrow closely misses the steam dragon.
The steam dragon bites you.
* * * LOW HITPOINT WARNING * * *
The steam dragon claws you but does no damage.
Fire: a) +2 shortbow
Press: ? - help, Q - select action, (/) - cycle Shift-Dir - straight line, f/p - steam dragon
Aim: a steam dragon (almost dead, 72% to hit)
You shoot an arrow. The arrow hits the steam dragon.
The steam dragon is almost dead.
The steam dragon bites you.
* * * LOW HITPOINT WARNING * * *
The steam dragon completely misses you.
You feel better. The steam dragon barely misses you.
The steam dragon claws you.
* * * LOW HITPOINT WARNING * * *
Fire: a) +2 shortbow
Press: ? - help, Q - select action, (/) - cycle Shift-Dir - straight line, f/p - steam dragon
Aim: a steam dragon (almost dead, 72% to hit)
You shoot an arrow.
The arrow hits the steam dragon but does no damage.
The steam dragon is almost dead.
The steam dragon breathes steam at you. The ball of steam hits you!
You die...

........# #.....#......#
......### ########.#..##
.....## #...# #.....##
....#### #..# .# ##......##
...## .#..# .#.#.......#
....####).##. ..###.....##
...##รท#..##...##..##.#####
........##.....D..#...#
###.###..## ##@.#...##
..#...##..## ##..##....##
......#.#..###..#.#.....#
....####.#..#..#.##.....#
...####.#.#...#.#.#.....#
#...#.#############...###
##..#..## #...##..)..##
##......###>..........#
##.#.................##


You could see a steam dragon (catching breath).

Vanquished Creatures
  Eustachio (D:4)
  A steam dragon (D:6)
  Edmund (D:6)
  3 water moccasins
  2 black bears
  A lemure (D:3)
  3 centaurs (D:6)
  2 kobold brigands (Sewer)
  A scorpion (D:6)
  A wight (D:6)
  5 hounds
  2 jellies
  An orc priest (D:6)
  3 iron imps (D:3)
  2 iguanas
  7 orc wizards
  A gnoll (D:6)
  6 adders
  A white imp (D:6)
  An ufetubus (D:4)
  3 worms
  4 dart slugs
  21 orcs
  9 bats
  9 endoplasms
  4 giant cockroaches
  14 goblins
  6 hobgoblins
  9 jackals
  12 kobolds
  2 quokkas
  5 ball pythons
  3 frilled lizards
  9 rats
155 creatures vanquished.

Notes
Turn   | Place    | Note
-------+----------+-------------------------------------------
     0 | D:1      | benadryl the Demigod Hunter began the quest for the Orb.
     0 | D:1      | Reached XP level 1. HP: 17/17 MP: 3/3
     2 | D:1      | You fall into a shaft and drop 1 floor!
    26 | D:1      | Reached XP level 2. HP: 14/25 MP: 4/4
   522 | D:1      | Reached XP level 3. HP: 30/30 MP: 5/5
   780 | D:1      | Reached skill level 4 in Ranged Weapons
   981 | D:2      | Found a runed translucent door.
   982 | D:2      | Noticed Crazy Yiuf
  1655 | D:2      | Reached XP level 4. HP: 33/38 MP: 6/6
  2240 | D:3      | Reached XP level 5. HP: 11/45 MP: 7/7
  3174 | D:3      | Reached skill level 5 in Ranged Weapons
  3371 | D:4      | Reached XP level 6. HP: 25/52 MP: 8/8
  3551 | D:4      | Noticed Pikel
  3845 | D:4      | Reached skill level 6 in Ranged Weapons
  4552 | D:4      | Noticed Eustachio
  4581 | D:4      | Killed Eustachio
  4582 | D:4      | Reached XP level 7. HP: 48/59 MP: 9/9
  4648 | D:4      | Noticed Ijyb
  4933 | D:4      | Found Jiucvaz's Elemental Accessories.
  5020 | D:5      | Entered Level 5 of the Dungeon
  5034 | D:5      | HP: 4/88 [poisoned by a water moccasin]
  5038 | D:5      | Reached skill level 7 in Ranged Weapons
  5274 | D:5      | Found a staircase to the Ecumenical Temple.
  5370 | D:5      | Found a glowing drain.
  5376 | Sewer    | Entered a sewer
  5983 | D:5      | Reached skill level 8 in Ranged Weapons
  6296 | D:6      | Reached XP level 8. HP: 66/66 MP: 10/10
  6373 | D:6      | Noticed Edmund
  6395 | D:6      | Killed Edmund
  6396 | D:6      | Reached skill level 9 in Ranged Weapons
  6607 | D:6      | Reached skill level 10 in Ranged Weapons
  7232 | D:6      | HP: 2/66 [steam dragon (5)]
  7235 | D:6      | Killed from afar by a steam dragon

Illustrated notes

Levels and vault maps discovered:
D:1:      matt_arrival_refuge, layout_basic
D:2:      layout_basic, uniq_crazy_yiuf_cottage
D:3:      layout_basic, grunt_temple_overflow_open, demons_altar,
          doesnt_xom_only_xom, minmay_fractal_squares_diagonal_5
D:4:      nicolae_cairo_tiling_very_big, layout_basic, nicolae_elemental_shop,
          uniq_ijyb, uniq_pikel, uniq_eustachio
D:5:      layout_loops_ring, mainiacjoe_overflow_catch_the_wave,
          marbit_many_paths, minmay_temple_entry_hall, gup_sewer_entry_bowl,
          hangedman_abyss_or_decor_lesser_grid
D:6:      minmay_diamond_boxcup, layout_cave_pools, uniq_edmund

Skill      XL: |  1  2  3  4  5  6  7  8 |
---------------+-------------------------+-----
Fighting       | 2 3 4 |  4.0
Dodging        | 2 3 |  3.4
Ranged Weapons | 4 5 6 8 10 | 10.6
Stealth        | |  0.8

Action                     |  1- 3 |  4- 6 |  7- 9 || total
---------------------------+-------+-------+-------++-------
   Fire: Shortbow          |   139 |   254 |   239 ||   632
  Evoke: Wand              |       |       |     2 ||     2
    Use: Scroll            |     4 |     8 |     5 ||    17
         Potion            |       |     4 |     4 ||     8
 Armour: Leather armour    |    23 |    36 |    32 ||    91
         Skin              |       |    11 |    10 ||    21
  Dodge: Dodged            |    54 |    86 |    85 ||   225

Table legend: (Time is in decaauts)
 A = Elapsed time spent in this place.
 B = Non-inter-level travel time spent in this place.
 C = Inter-level travel time spent in this place.
 D = Time resting spent in this place.
 E = Time spent auto-exploring this place.
 F = Levels seen in this place.
 G = Mean time per level.
                   A        B        C        D        E       F      G
               +--------+--------+--------+--------+--------+-----+--------+
         Total |   7358 |   7073 |    285 |   1576 |   4181 |   7 | 1051.1 |
       Dungeon |   7057 |   6772 |    285 |   1487 |   4181 |   6 | 1176.2 |
         Sewer |    301 |    301 |      0 |     89 |      0 |   1 |  301.0 |
               +--------+--------+--------+--------+--------+-----+--------+

Top non-repeatable levels by time:
     D:4: 1618 daAuts
     D:3: 1457 daAuts
     D:2: 1118 daAuts
     D:5: 1100 daAuts
     D:1: 908 daAuts
     D:6: 853 daAuts
   Sewer: 301 daAuts
